 Dungeon Crawl Stone Soup version 0.18-a0-1784-ga939a68 (webtiles) character file.

47 M4edhros the Grave Robber (level 3, -11/21 HPs)
             Began as an Octopode Necromancer on Apr 18, 2016.
             Mangled by a wyvern skeleton (13 damage)
             ... on level 3 of the Dungeon.
             The game lasted 00:03:41 (549 turns).

M4edhros the Grave Robber (Octopode Necromancer)     Turns: 549, Time: 00:03:42

Health: -11/21     AC:  1    Str:  7    XL:     3   Next: 70%
Magic:  3/6        EV: 12    Int: 17    God:
Gold:   75         SH:  0    Dex: 13    Spells: 2 memorised, 2 levels left

rFire  . . .     SeeInvis .       - Unarmed
rCold  . . .     Gourm    .     (no shield)
rNeg   . . .     Faith    .     (helmet restricted)
rPois  +         Spirit   .     (no amulet)
rElec  .         Dismiss  .     c - ring of poison resistance
rCorr  .         Reflect  .     (no ring)
SustAt .         Harm     .     (no ring)
MR     .....                    (no ring)
Stlth  +++.......               (no ring)
                                (no ring)
                                (no ring)
                                (no ring)

@: regenerating (expiring), not resistant to hostile enchantments, fairly
stealthy
A: almost no armour, amphibious, 8 rings, constrict 8, camouflage 1, gelatinous
body 1
a: no special abilities


You were on level 3 of the Dungeon.
You were not hungry.

You visited 1 branch of the dungeon, and saw 4 of its levels.

You collected 75 gold pieces.

Inventory:

Hand Weapons
 e - a +0 hunting sling
Missiles
 d - 26 stones (quivered)
Jewellery
 c - a ring of poison resistance (left tentacle)
Books
 a - a book of Necromancy

   Spells                             Type                      Level
   a - Pain                           Necromancy                   1
   b - Animate Skeleton               Necromancy                   1
   c - Vampiric Draining              Necromancy                   3
   d - Regeneration                   Charms/Necromancy            3
   e - Animate Dead                   Necromancy                   4
   f - Control Undead                 Necromancy                   4
Comestibles
 b - 2 bread rations
 f - 2 chunks of flesh


   Skills:
 - Level 2.0 Dodging
 - Level 2.6 Stealth
 + Level 3.2 Unarmed Combat
 - Level 2.0 Spellcasting
 - Level 4.0 Necromancy


You had 2 spell levels left.
You knew the following spells:

 Your Spells              Type           Power        Failure   Level  Hunger
a - Pain                  Necr           ###.         3%          1    #......
b - Regeneration          Chrm/Necr      #.........   24%         3    ###....


Dungeon Overview and Level Annotations

Branches:
Dungeon (4/15)
 Temple: D:4-7

Altars:
Nemelex Xobeh

Annotations:
D:2 exclusion: gnoll
D:4 Robin


Innate Abilities, Weirdness & Mutations

You cannot wear most types of armour.
You are amphibious.
You can wear up to eight rings at the same time.
You can use your tentacles to constrict eight enemies at once.
Your skin changes colour to match your surroundings (Stealth).
Your rubbery body absorbs attacks (AC +1).


Message History

Sorry, you're not good enough to have a special ability.
Unknown command.
Read which item? (? for menu, Esc to quit)
As you read the scroll of teleportation, it crumbles to dust.
You feel strangely unstable.
Your surroundings suddenly seem different.
The wyvern skeleton misses you.
Casting: Regeneration
Confirm with . or Enter, or press ? or * to list all spells.
Your skin crawls.
Your skin is crawling a little less now.
The wyvern skeleton misses you. x2
You tentacle-slap the wyvern skeleton. You squeeze the wyvern skeleton!
The wyvern skeleton bites you!
You tentacle-slap the wyvern skeleton. The wyvern skeleton bites you!
Ouch! That really hurt!
* * * LOW HITPOINT WARNING * * *
You tentacle-slap the wyvern skeleton. The wyvern skeleton bites you!
Ouch! That really hurt!
You die...

...##....##.....#
#..#...####....##
#..#.#.#....##.#
...#...#.#####.#
##...#.........#
...#.#.#########
#..#.#
#.........#
.....#
#########Z#
###### [......@#
######[....# .
#.###.# ## .. #
##. .. .. ...


You could see a wyvern skeleton.

Vanquished Creatures
  3 adders
  3 giant cockroaches
  7 goblins
  A hobgoblin (D:1)
  2 bats
  2 kobolds
  3 rats
21 creatures vanquished.

Notes
Turn   | Place    | Note
--------------------------------------------------------------
     0 | D:1      | M4edhros the Octopode Necromancer began the quest for the Orb.
     0 | D:1      | Reached XP level 1. HP: 11/11 MP: 3/3
    55 | D:1      | Reached skill level 1 in Unarmed Combat
    95 | D:3      | Noticed an orc wizard
    95 | D:3      | Noticed an orc wizard
   127 | D:2      | Reached XP level 2. HP: 8/17 MP: 0/5
   312 | D:3      | Reached XP level 3. HP: 7/21 MP: 3/6
   317 | D:3      | Learned a level 3 spell: Regeneration
   390 | D:4      | Noticed Robin
   516 | D:3      | Found a sparkling altar of Nemelex Xobeh.
   548 | D:3      | HP: 1/21 [wyvern skeleton (11)]
   549 | D:3      | Mangled by a wyvern skeleton

Vault maps used:
D:1:      minmay_arrival_five_plusses
D:2:      lemuel_coloured_pillars_altar
D:3:      nemelex_spade_bored_becter
D:4:      wad_woods_settlement, grunt_qazlal_sundering,
          nicolae_overflow_hidden_temple, minmay_temple_entry_statues_pillars,
          first_bread, uniq_robin

Skill      XL: |  1  2  3 |
---------------+----------+-----
Unarmed Combat | 1 2 3 |  3.2
Dodging        | |  2.0
Stealth        | |  2.6
Spellcasting   | |  2.0
Necromancy     | |  4.0

Action                   || total
-------------------------++-------
Melee: Unarmed           ||    25
       Tentacles         ||     5
       Constrict         ||     4
 Cast: Pain              ||    23
       Regeneration      ||     5
  Use: Potion            ||     2
       Scroll            ||     4
Armor: Skin              ||     4
Dodge: Dodged            ||    21
